 Dungeon Crawl Stone Soup version 0.27-a0-890-ged2907cb04 (webtiles) character file.

Game seed: 773028518002833398

350 Kakkamies the Magician (level 6, -2/42 HPs)
             Began as a Mummy Necromancer on Apr 5, 2021.
             Slain by a mummy (10 damage)
             ... in an ossuary.
             The game lasted 00:14:56 (3868 turns).

Kakkamies the Magician (Mummy Necromancer)          Turns: 3868, Time: 00:14:57

Health: -2/42      AC:  4    Str: 11    XL:     6   Next: 34%
Magic:  0/15       EV: 12    Int: 17    God:
Gold:   164        SH:  0    Dex: 12    Spells: 3/17 levels left

rFire    x . .     SeeInvis .   m - +1 hand axe (vamp)
rCold    + . .     Faith    .   (no shield)
rNeg     + + +     Spirit   +   a - +0 robe
rPois    ∞         Reflect  .   (no helmet)
rElec    .         Harm     .   l - +1 cloak
rCorr    .         Rampage  .   (no gloves)
Will     .....                  (no boots)
Stlth    ++........             c - amulet of guardian spirit
HPRegen  0.14/turn              (no ring)
MPRegen  0.14/turn              (no ring)

@: no status effects
A: cold resistance 1, negative energy resistance 3, torment resistance 2,
unbreathing 1, heat vulnerability 1, no potions
a: no special abilities


You were in an ossuary.
You visited 1 branch of the dungeon, and saw 4 of its levels.
You also visited: Ossuary.

You collected 164 gold pieces.

Inventory:

Hand Weapons
 g - a +0 dagger
 h - a +0 short sword of freezing
 m - a +1 vampiric hand axe (weapon)
 o - a +0 battleaxe
Missiles
 b - 74 stones
Armour
 a - a +0 robe (worn)
 l - a +1 cloak (worn)
Jewellery
 c - an amulet of guardian spirit (around neck)
Wands
 n - a wand of polymorph (5)
Scrolls
 e - a scroll of enchant armour
 j - a scroll of brand weapon
 k - a scroll of blinking


   Skills:
 + Level 0.4 Fighting
 + Level 1.7 Dodging
 - Level 1.5 Stealth
 + Level 6.3 Spellcasting
 + Level 5.8 Necromancy


You had 3 spell levels left.
You knew the following spells:

 Your Spells              Type           Power      Damage    Failure   Level
a - Pain                  Necr           100%       1d9       1%          1
b - Vampiric Draining     Necr           12%        2d7       3%          3
c - Animate Skeleton      Necr           50%        N/A       1%          1
d - Animate Dead          Necr           12%        N/A       11%         4
e - Agony                 Necr           25%        N/A       30%         5

Your spell library contained the following spells:

 Spells                   Type           Power      Damage    Failure   Level
 Summon Small Mammal      Summ           20%        N/A       12%         1
 Call Imp                 Summ           5%         N/A       19%         2
 Call Canine Familiar     Summ           5%         N/A       36%         3
 Confusing Touch          Hex            5%         N/A       36%         3
 Gell's Gravitas          Tloc           2%         N/A       36%         3
 Summon Guardian Golem    Hex/Summ       5%         N/A       36%         3
 Petrify                  Tmut/Erth      5%         N/A       77%         4
 Summon Ice Beast         Ice/Summ       5%         N/A       77%         4
 Summon Lightning Spire   Summ/Air       5%         N/A       77%         4
 Metabolic Englaciation   Hex/Ice        2%         N/A       98%         5
 Yara's Violent Unravell  Hex/Tmut       2%         3d3       98%         5


Dungeon Overview and Level Annotations

Branches:
Dungeon (4/15)            Ossuary (1/1)
 Temple: D:4-7

Altars:

Shops:
D:1 [


Innate Abilities, Weirdness & Mutations

You are immune to poison.
Your flesh is cold resistant. (rC+)
You are immune to negative energy. (rN+++)
You are immune to unholy pain and torment.
You can survive without breathing.
You are vulnerable to heat. (rF-)
You do not drink.


Message History

The mummy is moderately damaged.
The mummy hits you!
You hit the mummy.
The mummy is moderately damaged.
You hit the mummy.
The mummy is heavily damaged.
The mummy closely misses you.
You barely miss the mummy.
The mummy is heavily damaged.
A mummy comes into view.
The mummy hits you!!
There is an open door here.
The mummy barely misses you.
You hit the mummy.
The mummy is severely damaged.
The mummy completely misses you.
You barely miss the mummy. You closely miss the mummy. The mummy hits you!
* * * LOW HITPOINT WARNING * * *
The mummy barely misses you.
You hit the mummy.
The mummy is almost destroyed.
You closely miss the mummy. The mummy barely misses you.
There is an empty arch of ancient stone here.
There is a gate leading back out of this place here.
You barely miss the mummy. You closely miss the mummy. You hit the mummy.
The mummy is lightly damaged.
You barely miss the mummy. The mummy misses you. The mummy hits you!
* * * LOW HITPOINT WARNING * * *
You barely miss the mummy.
The mummy is lightly damaged.
You hit the mummy. You hit the mummy but do no damage.
The mummy hits you but does no damage. The mummy barely misses you.
You hit the mummy but do no damage.
The mummy is lightly damaged.
You hit the mummy but do no damage. You hit the mummy.
You destroy the mummy!
The mummy barely misses you. The mummy hits you!
You die...

## # .# #
'#+#'#+#'#'#
...........+
#+##+##'##.#
#...# #M∩.#
#@M.# #####


You could see 2 mummies.

Vanquished Creatures
  Blork the orc (D:4)
  2 human skeletons (D:4)
  Jessica (D:3)
  An iguana (D:4)
  Natasha (thrice) (D:3)
  A mummy (Ossuary)
  3 adders
  An adder skeleton (D:2)
  A dart slug (D:1)
  4 ball pythons
  3 endoplasms (D:1)
  3 giant cockroaches (D:3)
  4 goblins
  6 hobgoblins
  10 jackals
  5 kobolds
  4 quokkas
  6 bats
  3 frilled lizards
  6 rats
68 creatures vanquished.

Vanquished Creatures (others)
  A withered plant (Ossuary)
1 creature vanquished.

Grand Total: 69 creatures vanquished

Notes
Turn   | Place    | Note
-------+----------+-------------------------------------------
     0 | D:1      | Kakkamies the Mummy Necromancer began the quest for the
                  | Orb.
     0 | D:1      | Reached XP level 1. HP: 13/13 MP: 4/4
   171 | D:1      | Reached XP level 2. HP: 19/19 MP: 1/5
   343 | D:1      | Reached skill level 3 in Spellcasting
   519 | D:1      | Found Hisiotiawn's Antique Armour Shoppe.
   902 | D:1      | Reached XP level 3. HP: 24/24 MP: 5/7
  1135 | D:1      | Learned a level 3 spell: Vampiric Draining
  1137 | D:1      | Learned a level 1 spell: Animate Skeleton
  1560 | D:2      | Reached skill level 5 in Necromancy
  2490 | D:3      | Noticed Natasha
  2539 | D:3      | Killed Natasha
  2540 | D:3      | Reached skill level 4 in Spellcasting
  2540 | D:3      | Reached XP level 4. HP: 27/30 MP: 3/10
  2642 | D:3      | Noticed Natasha
  2645 | D:3      | Noticed Jessica
  2652 | D:3      | Killed Natasha
  2734 | D:3      | Killed Jessica
  2735 | D:3      | Reached skill level 5 in Spellcasting
  2735 | D:3      | Reached XP level 5. HP: 35/35 MP: 7/12
  2950 | D:3      | Learned a level 4 spell: Animate Dead
  2956 | D:3      | Learned a level 5 spell: Agony
  2960 | D:3      | Noticed Natasha
  2964 | D:3      | Killed Natasha
  3452 | D:4      | Noticed Blork the orc
  3459 | D:4      | Killed Blork the orc
  3460 | D:4      | Reached skill level 6 in Spellcasting
  3460 | D:4      | Reached XP level 6. HP: 36/41 MP: 1/15
  3632 | D:4      | Found a sand-covered staircase.
  3844 | Ossuary  | Entered an ossuary
  3868 | Ossuary  | Slain by a mummy

Illustrated notes

Levels and vault maps discovered:
D:1:      minmay_arrival_five_plusses, layout_loops_cross, serial_shops, shop,
          grunt_decor_junction, bh_walls_and_bars
D:2:      layout_basic, minmay_misc_feat_encased, minmay_quantized
D:3:      layout_rooms, roderic_roman_lattice, uniq_jessica, uniq_natasha
D:4:      layout_loops_corners, nicolae_ossuary_entry_catacombs,
          grunt_decor_mini_mirrors, chequers_serial_rivers_marsh,
          uniq_blork_the_orc
Ossuary:  ossuary_zaba_flooded

Skill      XL: |  1  2  3  4  5 |
---------------+----------------+-----
Spellcasting   | 3 4 5 6 |  6.3
Necromancy     | 5 |  5.8
Fighting       | |  0.4
Dodging        | |  1.7
Stealth        | |  1.5

Action                   |  1- 3 |  4- 6 || total
-------------------------+-------+-------++-------
Melee: Short sword       |     7 |       ||     7
       Unarmed           |     1 |       ||     1
       Hand axe          |       |    44 ||    44
 Cast: Pain              |    91 |    50 ||   141
       Vampiric Draining |       |     2 ||     2
  Use: Scroll            |       |     5 ||     5
 Stab: Sleeping          |       |     1 ||     1
Armor: Robe              |     3 |     5 ||     8
Dodge: Dodged            |    16 |    37 ||    53

Table legend: (Time is in decaauts)
 A = Elapsed time spent in this place.
 B = Non-inter-level travel time spent in this place.
 C = Inter-level travel time spent in this place.
 D = Time resting spent in this place.
 E = Time spent auto-exploring this place.
 F = Levels seen in this place.
 G = Mean time per level.
                   A        B        C        D        E       F      G
               +--------+--------+--------+--------+--------+-----+--------+
         Total |   3887 |   3802 |     85 |   1042 |   2189 |   5 |  777.4 |
       Dungeon |   3860 |   3775 |     85 |   1042 |   2189 |   4 |  965.0 |
       Ossuary |     26 |     26 |      0 |      0 |      0 |   1 |   26.0 |
               +--------+--------+--------+--------+--------+-----+--------+

Top non-repeatable levels by time:
     D:1: 1239 daAuts
     D:2: 1232 daAuts
     D:3: 987 daAuts
     D:4: 400 daAuts
 Ossuary: 26 daAuts
